 Dungeon Crawl Stone Soup version 0.26-a0-663-g36e8fdb655 (webtiles) character file.

Game seed: 14304054394725481739

31 grandjackal the Magician (level 3, -3/28 HPs)
             Began as a Draconian Hedge Wizard on Oct 12, 2020.
             Slain by an ogre
             ... wielding a +0 giant club
              (17 damage)
             ... on level 1 of the Dungeon.
             The game lasted 00:01:14 (1480 turns).

grandjackal the Magician (Draconian Hedge Wizard)   Turns: 1480, Time: 00:01:17

Health: -3/28      AC:  5    Str: 12    XL:     3   Next: 7%
Magic:  5/7        EV: 12    Int: 15    God:
Gold:   83         SH:  0    Dex: 10    Spells: 5/8 levels left

rFire    . . .     SeeInvis .   g - +1 short sword (venom)
rCold    . . .     Faith    .   (no shield)
rNeg     . . .     Spirit   .   (armour unavailable)
rPois    .         Reflect  .   b - +0 hat
rElec    .         Harm     .   (no cloak)
rCorr    .         Rampage  .   (no gloves)
MR       .....                  (no boots)
Stlth    ++........             (no amulet)
HPRegen  0.09/turn              (no ring)
MPRegen  0.10/turn              (no ring)

@: very slightly contaminated
A: unfitting armour, cold-blooded, AC +5
a: no special abilities


You were on level 1 of the Dungeon.
You visited 1 branch of the dungeon, and saw 2 of its levels.

You collected 83 gold pieces.

Inventory:

Hand Weapons
 g - a +1 short sword of venom (weapon)
Armour
 b - a +0 hat (worn)
Scrolls
 a - a scroll of teleportation {unknown}
 d - a scroll of enchant armour {unknown}
 e - 3 scrolls of identify {unknown}
 f - a scroll of amnesia {unknown}
Potions
 c - a potion of heal wounds {unknown}


   Skills:
 + Level 1.3 Fighting
 + Level 2.2 Dodging
 - Level 1.7 Stealth
 + Level 3.3 Spellcasting
 + Level 1.6 Conjurations
   Level 1.0 Summonings
 - Level 1.0 Translocations


You had 5 spell levels left.
You knew the following spells:

 Your Spells              Type           Power        Failure   Level
a - Magic Dart            Conj           #...         10%         1
b - Blink                 Tloc           N/A          19%         2

Your spell library contained the following spells:

 Spells                   Type           Power        Failure   Level
 Call Imp                 Summ           #.......     19%         2
 Slow                     Hex            #.......     30%         2
 Conjure Flame            Conj/Fire      #.......     38%         3
 Mephitic Cloud           Conj/Pois/Air  #.......     43%         3


Dungeon Overview and Level Annotations

Branches:
Dungeon (2/15)

Altars:


Innate Abilities, Weirdness & Mutations

Your plain brown scales are hard. (AC +5)
You cannot fit into any form of body armour.
You are cold-blooded and may be slowed by cold attacks.


Message History

The ogre is moderately wounded.
The ogre barely misses you.
You hit the ogre but do no damage.
The ogre is lightly wounded.
The ogre hits you with a +0 giant club!
Ouch! That really hurt!
There is a stone staircase leading up here.
The ogre misses you.
You climb upwards.
There is a stone staircase leading down here.
Casting: Magic Dart (safe; 10% risk of failure)
Confirm with . or Enter, or press ? or * to list all spells.
Okay, then.
Casting: Magic Dart (safe; 10% risk of failure)
Confirm with . or Enter, or press ? or * to list all spells.
You miscast Blink.
You are very lightly contaminated with residual magic.
Nothing appears to happen.
The ogre hits you with a +0 giant club!
Ouch! That really hurt!
You die...

.# #.#..... .# #.#.###. .##
#....... ..####### #.#.####
........# #.#)#
..#####.######## #.#.#
..#####........# #.#.#
.....#########.###########.#.#
...............O@..........#.#
####.#.#.......#...........#.#
.......#.....#.#.#...........#
####.#.#...................###
####.#.......#.#.#......#..#
.....#.####.##.#.#....#.#..#
######.#.....#.#.#.........#
.......#.#.....#.#.()......#
#..........).#...#..####.#.#


You could see an ogre.

Vanquished Creatures
  2 dart slugs (D:1)
  2 bats (D:1)
  4 giant cockroaches (D:1)
  A goblin (D:1)
  3 hobgoblins (D:1)
  3 frilled lizards (D:1)
  8 kobolds (D:1)
  3 rats (D:1)
26 creatures vanquished.

Notes
Turn   | Place    | Note
-------+----------+-------------------------------------------
     0 | D:1      | grandjackal the Draconian Hedge Wizard began the quest for
                  | the Orb.
     0 | D:1      | Reached XP level 1. HP: 14/14 MP: 4/4
   362 | D:1      | Reached XP level 2. HP: 21/22 MP: 6/6
   411 | D:1      | Learned a level 2 spell: Blink
   721 | D:1      | Reached skill level 1 in Fighting
  1263 | D:1      | Reached XP level 3. HP: 28/28 MP: 7/7
  1467 | D:2      | Noticed an ogre
  1480 | D:1      | Slain by an ogre

Illustrated notes

Levels and vault maps discovered:
D:1:      mainiacjoe_arrival_reflecting_pool, layout_basic
D:2:      layout_basic, lightli_temple_of_fire, uniq_jessica

Skill      XL: |  1  2 |
---------------+-------+-----
Dodging        | 2 |  2.2
Fighting       | 1 |  1.3
Stealth        | |  1.7
Spellcasting   | |  3.3
Conjurations   | |  1.6
Summonings     | |  1.0
Translocations | |  1.0

Action                   || total
-------------------------++-------
Melee: Dagger            ||    31
       Tailslap          ||     6
       Short sword       ||    42
 Cast: Magic Dart        ||    12
 Stab: Sleeping          ||     3
Armor: Skin              ||    25
Dodge: Dodged            ||    45

Table legend: (Time is in decaauts)
 A = Elapsed time spent in this place.
 B = Non-inter-level travel time spent in this place.
 C = Inter-level travel time spent in this place.
 D = Time resting spent in this place.
 E = Time spent auto-exploring this place.
 F = Levels seen in this place.
 G = Mean time per level.
                   A        B        C        D        E       F      G
               +--------+--------+--------+--------+--------+-----+--------+
         Total |   1483 |   1474 |      9 |    460 |    831 |   2 |  741.5 |
       Dungeon |   1483 |   1474 |      9 |    460 |    831 |   2 |  741.5 |
               +--------+--------+--------+--------+--------+-----+--------+

Top non-repeatable levels by time:
     D:1: 1464 daAuts
     D:2: 19 daAuts
